 Dungeon Sprint DCSS version 0.17.0-28-g6e173f8 (webtiles) character file.

13939 Avanven the Unseen (level 11, -16/47 HPs)
             Began as a Spriggan Enchanter on Nov 23, 2015.
             Was the Champion of Dithmenos.
             Demolished by a fire giant
             ... wielding a +2 great sword of flaming
              (19 damage)
             ... in the Dungeon (Sprint I: "Red Sonja").
             The game lasted 00:14:24 (2931 turns).

Avanven the Unseen (Spriggan Enchanter)             Turns: 2931, Time: 00:14:24

Health: -16/47     AC:  3    Str:  4    XL:     11   Next: 82%
Magic:  20/32      EV: 32    Int: 18    God:    Dithmenos [******]
Gold:   152        SH:  0    Dex: 17    Spells: 4 memorised, 30 levels left

rFire  . . .     SeeInvis +     a - +1 dagger
rCold  . . .     Clarity  .     b - +1 robe
rNeg   . . .     SustAt   .     (shield restricted)
rPois  .         Gourm    .     (helmet restricted)
rElec  .         Spirit   .     (no cloak)
rCorr  .         Warding  .     (gloves unavailable)
rMut   .         NoTele   +     (boots unavailable)
MR     +....                    (no amulet)
Stlth  ++++++++++               (no ring)
                                (no ring)

@: wreathed by umbra, very quick, somewhat resistant to hostile enchantments,
uncannily stealthy
A: unfitting armour, see invisible, dopey 1, herbivore 3, speed 3, slow
metabolism 2
a: Shadow Step, Shadow Form, Renounce Religion


You were in the Dungeon.
You worshipped Dithmenos.
Dithmenos was exalted by your worship.
You were not hungry.

You visited 1 branch You collected 1372 gold pieces.
You spent 1220 gold pieces at shops.

Inventory:

Hand Weapons
 a - a +1 dagger (weapon)
Armour
 b - a +1 robe (worn)
Wands
 n - a wand of polymorph (11)
Scrolls
 f - 2 scrolls of fog {unknown}
 k - a scroll of recharging {unknown}
 o - a scroll of identify {unknown}
 p - a scroll of amnesia {unknown}
Potions
 e - 4 potions of curing
 g - a potion of haste
 h - 2 potions of magic
 i - a potion of berserk rage
 l - a potion of flight {unknown}
 m - a potion of brilliance {unknown}
 q - a potion of might {unknown}
Books
 c - a book of Maledictions

   Spells                             Type                      Level
   a - Corona                         Hexes                        1
   b - Ensorcelled Hibernation        Hexes/Ice                    2
   c - Confuse                        Hexes                        3
   d - Tukima's Dance                 Hexes                        3
   e - Dazzling Spray                 Conjuration/Hexes            3
 r - a book of Burglary

   Spells                             Type                      Level
   a - Swiftness                      Charms/Air                   2
   b - Passwall                       Transmutation/Earth          3
   c - Passage of Golubria            Translocation                4
   d - Lee's Rapid Deconstruction     Earth                        5
   e - Darkness                       Hexes                        6
   f - Invisibility                   Hexes                        6
Comestibles
 d - 4 bread rations
 s - 4 fruits


   Skills:
 - Level 16.2 Short Blades
 - Level 17.0 Dodging
 - Level 18.5 Stealth
 + Level 16.3 Spellcasting
 - Level 14.9 Hexes


You had 30 spell levels left.
You knew the following spells:

 Your Spells              Type           Power        Failure   Level  Hunger
a - Corona                Hex            ######.      0%          1    None
b - Ensorcelled Hibernat  Hex/Ice        #####.       1%          2    None
c - Confuse               Hex            ######..     1%          3    None
d - Invisibility          Hex            ######..     1%          6    #####..


Dungeon Overview and Level Annotations

Branches:
Dungeon (1/1)

Altars:
Cheibriados
Dithmenos
Elyvilon
Fedhas
Gozag
Kikubaaqudgha
Makhleb
Nemelex Xobeh
Okawaru
Qazlal
Ru
Sif Muna
Trog
Vehumet
Xom
Yredelemnul
Zin
The Shining One
Jiyva

Shops:
D ::*!*(*=*}(%:[[[?


Innate Abilities, Weirdness & Mutations

You are tiny and cannot use many weapons and most armour.
You have supernaturally acute eyesight.
You are a herbivore.
You cover ground extremely quickly.
You need consume almost no food.
You are dopey. (Int -2)


Message History

The fire giant resists with almost no effort.
The fire giant casts a spell at you. The bolt of fire hits you!
Ouch! That really hurt!
* * * LOW HITPOINT WARNING * * *
You emit a cloud of dark smoke.
Casting: Confuse
Confirm with . or Enter, or press ? or * to list all spells.
Aiming: Confuse
Press: ? - help, Shift-Dir - straight line, f/p - fire giant
Aim: a fire giant, wielding a great sword of flaming (purple smoke, umbra, chance to defeat MR: 26%)
The fire giant easily resists.
The fire giant misses you.
Casting: Confuse
Confirm with . or Enter, or press ? or * to list all spells.
Aiming: Confuse
Press: ? - help, Shift-Dir - straight line, f/p - fire giant
Aim: a fire giant, wielding a great sword of flaming (umbra, chance to defeat MR: 26%)
The fire giant easily resists.
The fire giant hits you with a great sword of flaming!!
You die...

############################*****
__#..')..#.(#§§§@C§.§§§§'..#,,+,,
^.'..#...##§#§####§§§§§##..+,,*,,
__####...§§§#§#,*##§§§######*+*,,
###[§#####§§§§#+*,###+#,%%##,,*,,
§§§§§#§§##+####,,,*,#§##$$$#,,**,
§≈§§§§§§#,,,,,*,,,**#§§###$#,,≈**
§§§§§#§.#,,,,,+,,,,,##§#A#$#,,≈,,
#§#####'###,,,*,,,,,#§§###$#,,≈,*
.§§.###.'§#,,,***++*#§##..$#,,≈**


You could see a fire giant.

Vanquished Creatures
  A fire giant (D)
  A hydra (D)
  2 centaur warriors (D)
  Sonja (D)
  A deep troll (D)
  A lindwurm (D)
  7 unseen horrors (D)
  An oklob plant (D)
  2 kobold demonologists (D)
  4 demonic crawlers (D)
  A slime creature (D)
  4 trapdoor spiders (D)
  Sigmund (D)
  13 hogs (D)
  A yak (D)
  7 necrophages (D)
  An ogre (D)
  A wasp (D)
  Ijyb (D)
  8 jellies (D)
  3 giant eyeballs (D)
  4 ballistomycetes (D)
66 creatures vanquished.

Vanquished Creatures (others)
  A gargoyle (D)
  2 giant spores (D)
3 creatures vanquished.

Grand Total: 69 creatures vanquished

Notes
Turn   | Place    | Note
--------------------------------------------------------------
     0 | D        | Avanven the Spriggan Enchanter began the quest for the Orb.
     0 | D        | Reached XP level 1. HP: 9/9 MP: 5/5
     1 | D        | Noticed Ijyb
    20 | D        | Killed Ijyb
    20 | D        | Reached skill level 5 in Dodging
    20 | D        | Reached skill level 6 in Stealth
    20 | D        | Reached skill level 5 in Hexes
    20 | D        | Reached XP level 2. HP: 10/13 MP: 4/6
    85 | D        | Learned a level 2 spell: Ensorcelled Hibernation
    85 | D        | Noticed an ogre
    88 | D        | Killed an ogre
    88 | D        | Reached skill level 5 in Short Blades
    88 | D        | Reached skill level 7 in Dodging
    88 | D        | Reached skill level 8 in Stealth
    88 | D        | Reached XP level 3. HP: 16/16 MP: 8/8
    88 | D        | Reached XP level 4. HP: 21/21 MP: 9/9
   199 | D        | Noticed Sigmund
   202 | D        | Killed Sigmund
   202 | D        | Reached skill level 9 in Dodging
   202 | D        | Reached skill level 10 in Stealth
   202 | D        | Reached XP level 5. HP: 24/24 MP: 7/10
   202 | D        | Reached XP level 6. HP: 28/28 MP: 7/11
   207 | D        | Learned a level 3 spell: Confuse
   247 | D        | Found a snail-covered altar of Cheibriados.
   247 | D        | Found a viscous altar of Jiyva.
   247 | D        | Found a shadowy altar of Dithmenos.
   247 | D        | Found a blossoming altar of Fedhas.
   247 | D        | Noticed a slime creature
   250 | D        | Killed a slime creature
   250 | D        | Reached skill level 10 in Dodging
   250 | D        | Reached skill level 11 in Stealth
   253 | D        | Became a worshipper of Dithmenos the Shadowed
   269 | D        | Found a deep blue altar of Sif Muna.
   269 | D        | Noticed a jelly
   271 | D        | Found a radiant altar of Vehumet.
   275 | D        | Killed a jelly
   275 | D        | Reached skill level 12 in Stealth
   291 | D        | Found Etogrom's Book Emporium.
   291 | D        | Found a white marble altar of Elyvilon.
   291 | D        | Found a stormy altar of Qazlal.
   291 | D        | Found a basalt altar of Yredelemnul.
   291 | D        | Found an iron altar of Okawaru.
   291 | D        | Found a sparkling altar of Nemelex Xobeh.
   291 | D        | Found a shimmering altar of Xom.
   291 | D        | Found an ancient bone altar of Kikubaaqudgha.
   291 | D        | Noticed a yak
   292 | D        | Found a burning altar of Makhleb.
   292 | D        | Found a sacrificial altar of Ru.
   292 | D        | Found a glowing golden altar of the Shining One.
   292 | D        | Found an opulent altar of Gozag.
   292 | D        | Found a glowing silver altar of Zin.
   299 | D        | Found a bloodstained altar of Trog.
   302 | D        | Killed a yak
   302 | D        | Reached skill level 10 in Hexes
   302 | D        | Reached XP level 7. HP: 32/32 MP: 8/12
   326 | D        | Noticed Sonja
   330 | D        | Killed Sonja
   330 | D        | Reached * piety under Dithmenos
   330 | D        | Reached skill level 14 in Stealth
   330 | D        | Reached XP level 8. HP: 36/36 MP: 11/13
   346 | D        | Found Linlok's Book Boutique.
   366 | D        | Noticed a deep troll
   370 | D        | Killed a deep troll
   370 | D        | Reached skill level 10 in Short Blades
   370 | D        | Reached skill level 15 in Stealth
   395 | D        | Found Bessaa's Armour Emporium.
   411 | D        | Noticed a centaur warrior
   411 | D        | Noticed a centaur warrior
   413 | D        | Killed a centaur warrior
   413 | D        | Reached XP level 9. HP: 39/39 MP: 14/14
   414 | D        | Killed a centaur warrior
   414 | D        | Reached ** piety under Dithmenos
   414 | D        | Reached skill level 15 in Dodging
   414 | D        | Reached skill level 16 in Stealth
   426 | D        | Noticed a wasp
   430 | D        | Killed a wasp
   459 | D        | Noticed an oklob plant
   461 | D        | Killed an oklob plant
   461 | D        | Reached skill level 17 in Stealth
   471 | D        | Noticed a trapdoor spider
   474 | D        | Killed a trapdoor spider
   522 | D        | Noticed a trapdoor spider
   526 | D        | Noticed a trapdoor spider
   527 | D        | Killed a trapdoor spider
   529 | D        | Noticed a trapdoor spider
   529 | D        | Killed a trapdoor spider
   529 | D        | Reached *** piety under Dithmenos
   529 | D        | Reached XP level 10. HP: 44/44 MP: 8/15
   540 | D        | Killed a trapdoor spider
   607 | D        | Noticed an unseen horror
   607 | D        | Noticed an unseen horror
   621 | D        | Killed an unseen horror
   626 | D        | Killed an unseen horror
   626 | D        | Reached skill level 18 in Stealth
   713 | D        | Noticed a jelly
   713 | D        | Noticed a jelly
   716 | D        | Noticed a jelly
   727 | D        | Noticed a jelly
   727 | D        | Noticed a jelly
   727 | D        | Noticed a jelly
   727 | D        | Noticed a jelly
   728 | D        | Noticed a necrophage
   728 | D        | Noticed a necrophage
   729 | D        | Killed a jelly
   729 | D        | Reached **** piety under Dithmenos
   730 | D        | Killed a jelly
   731 | D        | Killed a jelly
   740 | D        | Killed a jelly
   748 | D        | Killed a jelly
   754 | D        | Killed a jelly
   757 | D        | Killed a jelly
   758 | D        | Noticed a necrophage
   758 | D        | Noticed a necrophage
   758 | D        | Noticed a necrophage
   758 | D        | Noticed a necrophage
   758 | D        | Noticed a necrophage
   760 | D        | Killed a necrophage
   760 | D        | Reached ***** piety under Dithmenos
   778 | D        | Killed a necrophage
   796 | D        | Killed a necrophage
   845 | D        | Killed a necrophage
   938 | D        | Killed a necrophage
   962 | D        | Found Xatrulla's Distillery.
   963 | D        | Killed a necrophage
   964 | D        | Found Tohyasme's Assorted Antiques.
   964 | D        | Found Giuv's Assorted Antiques.
   966 | D        | Found Dontuh's Armour Boutique.
   966 | D        | Found Nikor's Armour Emporium.
   969 | D        | Killed a necrophage
   970 | D        | Found Leoniod's Magic Scroll Emporium.
  1032 | D        | Found Huom's Antique Weapon Emporium.
  1032 | D        | Found Zujum's Assorted Antiques.
  1032 | D        | Found Lidykh's Jewellery Shoppe.
  1032 | D        | Found Uhedghounk's General Store.
  1032 | D        | Found Keihy's Gadget Emporium.
  1032 | D        | Found Gommaaga's Weapon Shop.
  1032 | D        | Found Uboemua's Food Shoppe.
  1036 | D        | Found Unonti's Book Boutique.
  1047 | D        | Bought a scroll of magic mapping for 35 gold pieces
  1122 | D        | HP: 1/44 [something (25)]
  1480 | D        | Bought a book of Burglary for 975 gold pieces
  1487 | D        | Learned a level 6 spell: Invisibility
  1553 | D        | Noticed a kobold demonologist
  1554 | D        | Noticed a kobold demonologist
  1556 | D        | Killed a kobold demonologist
  1558 | D        | Killed a kobold demonologist
  1624 | D        | Noticed a demonic crawler
  1624 | D        | Noticed a demonic crawler
  1624 | D        | Noticed a demonic crawler
  1624 | D        | Noticed a demonic crawler
  1626 | D        | Killed a demonic crawler
  1626 | D        | Reached skill level 5 in Spellcasting
  1627 | D        | Killed a demonic crawler
  1629 | D        | Killed a demonic crawler
  1629 | D        | Reached ****** piety under Dithmenos
  1630 | D        | Killed a demonic crawler
  1692 | D        | Noticed a lindwurm
  1696 | D        | Killed a lindwurm
  1696 | D        | Reached XP level 11. HP: 47/47 MP: 22/24
  1757 | D        | Bought 4 fruits for 60 gold pieces
  1757 | D        | Bought a bread ration for 50 gold pieces
  1757 | D        | Bought a bread ration for 50 gold pieces
  1757 | D        | Bought a bread ration for 50 gold pieces
  1825 | D        | Noticed a hog
  1825 | D        | Noticed a hog
  1825 | D        | Noticed a hog
  1825 | D        | Noticed a hog
  1825 | D        | Noticed a hog
  1826 | D        | Noticed a hog
  1826 | D        | Noticed a hog
  1826 | D        | Noticed a hog
  1827 | D        | Noticed a hog
  1827 | D        | Killed a hog
  1827 | D        | Reached skill level 15 in Short Blades
  1828 | D        | Killed a hog
  1834 | D        | Killed a hog
  1837 | D        | Killed a hog
  1840 | D        | Noticed a hog
  1840 | D        | Noticed a hog
  1840 | D        | Noticed a hog
  1840 | D        | Noticed a hog
  1840 | D        | Killed a hog
  1841 | D        | Killed a hog
  1843 | D        | Killed a hog
  1855 | D        | Killed a hog
  1857 | D        | Killed a hog
  1857 | D        | Reached skill level 10 in Spellcasting
  1860 | D        | Killed a hog
  1863 | D        | Killed a hog
  1870 | D        | Killed a hog
  1873 | D        | Killed a hog
  1954 | D        | Noticed a daeva
  2030 | D        | Noticed a 12-headed hydra
  2032 | D        | Killed a 12-headed hydra
  2052 | D        | Noticed an unseen horror
  2052 | D        | Noticed an unseen horror
  2052 | D        | Noticed an unseen horror
  2052 | D        | Noticed an unseen horror
  2056 | D        | HP: 2/47 [daeva/divine providence (9)]
  2360 | D        | Killed an unseen horror
  2383 | D        | Killed an unseen horror
  2385 | D        | Killed an unseen horror
  2386 | D        | Noticed an unseen horror
  2388 | D        | Killed an unseen horror
  2390 | D        | Killed an unseen horror
  2402 | D        | Killed a gargoyle
  2571 | D        | Noticed a fire giant
  2575 | D        | Noticed a fire giant
  2576 | D        | Noticed a fire giant
  2577 | D        | Noticed a fire giant
  2645 | D        | Gained mutation: You are dopey. (Int -2) [mutagenic glow]
  2728 | D        | Killed a fire giant
  2742 | D        | HP: 1/47 [fire giant/fireball (29)]
  2931 | D        | Demolished by a fire giant

Action                   |  1- 3 |  4- 6 |  7- 9 | 10-12 || total
-------------------------+-------+-------+-------+-------++-------
Melee: Dagger            |    16 |    10 |    12 |   171 ||   209
 Cast: Corona            |     2 |       |       |       ||     2
       Ensorcelled Hiber |       |     1 |     2 |    13 ||    16
       Confuse           |       |     1 |     4 |    23 ||    28
       Invisibility      |       |       |       |     4 ||     4
Evoke: Wand              |       |       |       |     1 ||     1
  Use: Scroll            |       |       |       |     3 ||     3
       Potion            |       |       |       |     2 ||     2
 Stab: Sleeping          |     2 |     3 |     6 |    34 ||    45
       Confused          |       |     1 |     3 |    10 ||    14
       Invisible         |       |       |       |     3 ||     3
  Eat: Bread ration      |       |       |       |     1 ||     1
